Map: Ruby Rock LE

Players

KimChiLoVer - Winner!

  • Race: Terran Terran
  • League: Diamond
  • Spawn Location: 5:00

A.I. 1 (Easy)

  • Race: Zerg Zerg
  • Spawn Location: 11:00

VOD

Have the link to the VOD?

Description

Time

  • Played on: April 28, 2026, 7:26 p.m.
  • Length: 11:12
Show
View Real Time Build Order
Export as new Build Order

KimChiLoVer Terran - Winner!

Build Orders: Reaper Expand, Hellion Banshee, Mech 

Get SALT Encoding   

  12  0:00  SCV  
  13  0:12  SCV  
  14  0:17  Supply Depot  
  14  0:24  SCV  
  15  0:39  SCV  
  15  0:40  Barracks  
  16  0:44  Refinery  
  16  0:52  SCV  
  17  1:04  SCV  
  18  1:16  SCV  
  19  1:28  Orbital Command  
  19  1:29  Reaper  
  20  1:40  Command Center  
  20  1:50  Supply Depot  
  20  1:56  SCV  
  20  2:01  Marine  
  22  2:13  SCV  
  23  2:17  Factory  
  23  2:19  Refinery  
  23  2:25  SCV  
  23  2:28  Barracks Reactor  
  25  2:37  SCV  
  25  2:49  SCV  
  26  2:51  Orbital Command  
  26  3:01  SCV  
  26  3:03  Command Center  
  27  3:13  Starport  
  27  3:14  SCV  
  27  3:17  Hellion  
  27  3:19  SCV  
  31  3:22  Hellion  
  31  3:26  Marine  
  34  3:28  SCV  
  35  3:38  SCV  
  35  3:40  SCV  
  37  3:42  Hellion  
  37  3:45  Barracks Tech Lab  
  39  3:50  SCV  
  39  3:52  SCV  
  41  3:57  Supply Depot  
  41  4:03  SCV, Hellion  
  41  4:04  Hellion  
  46  4:14  SCV  
  46  4:15  SCV  
  46  4:16  Orbital Command  
  48  4:21  Refinery  
  48  4:24  Factory  
  48  4:25  Factory  
  48  4:26  Banshee, SCV  
  48  4:27  SCV  
  53  4:35  Cloaking Field  
  53  4:37  Hellion  
  55  4:39  SCV  
  55  4:40  SCV  
  57  4:49  Supply Depot  
  57  4:50  Armory  
  57  4:52  Supply Depot, SCV  
  58  4:59  SCV  
  59  5:01  Supply Depot  
  59  5:02  Hellion  
  59  5:04  SCV  
  62  5:11  SCV  
  61  5:17  SCV  
  61  5:21  Refinery  
  62  5:23  Supply Depot  
  62  5:24  Factory Tech Lab  
  62  5:25  Supply Depot, Factory Tech Lab, Orbital Command  
  62  5:29  SCV  
  62  5:32  Supply Depot, Armory  
  62  5:33  SCV  
  65  5:42  Hellion x2  
  68  5:46  Infernal Pre-Igniter  
  68  5:51  Terran Vehicle Weapons Level 1  
  68  5:57  SCV x3  
  68  6:02  Command Center  
  68  6:03  Hellion x2, Siege Tank, Widow Mine  
  80  6:09  SCV  
  78  6:14  SCV  
  78  6:16  Refinery  
  78  6:18  SCV  
  80  6:20  Refinery  
  80  6:21  SCV  
  80  6:23  Terran Vehicle And Ship Armor Level 1  
  80  6:24  Hellion  
  83  6:26  SCV  
  83  6:29  Smart Servos  
  84  6:34  Factory  
  84  6:35  Factory x2  
  84  6:44  Starport Reactor  
  84  6:48  Engineering Bay  
  84  6:50  Command Center  
  84  6:51  Supply Depot, SCV  
  84  6:52  Supply Depot  
  85  6:57  SCV x2  
  87  7:04  SCV  
  88  7:09  SCV  
  88  7:10  Factory, Supply Depot  
  88  7:13  SCV  
  88  7:14  Supply Depot  
  91  7:16  SCV, Factory  
  91  7:21  SCV  
  92  7:25  SCV  
  92  7:27  Supply Depot  
  92  7:28  Supply Depot, SCV, Factory Tech Lab  
  92  7:29  Factory Tech Lab x2  
  94  7:32  Viking x2  
  94  7:33  SCV  
  99  7:37  SCV  
  99  7:39  Siege Tank x2  
  99  7:40  SCV  
  99  7:41  Hellion x2  
  111  7:45  SCV  
  111  7:49  SCV  
  113  7:51  Planetary Fortress  
  113  7:52  SCV  
  113  7:55  Siege Tank x2  
  113  7:57  Refinery  
  113  7:58  SCV  
  121  8:00  Cyclone  
  121  8:01  Factory Tech Lab, Refinery  
  121  8:02  Cyclone  
  127  8:07  Supply Depot  
  127  8:11  Hellion  
  129  8:21  Thor  
  129  8:22  Missile Turret x2, Orbital Command  
  129  8:23  Missile Turret  
  129  8:24  Terran Vehicle Weapons Level 2  
  135  8:33  SCV  
  136  8:34  SCV  
  136  8:37  Thor  
  136  8:38  Hellion  
  136  8:39  Hellion  
  147  8:42  Viking  
  147  8:45  SCV  
  147  8:46  Thor  
  156  8:53  Widow Mine  
  156  8:54  Hellion  
  163  8:57  Mag-Field Accelerator, SCV  
  164  9:09  SCV, Thor  
  171  9:11  Command Center, Hellion  
  171  9:12  Hellion  
  171  9:14  Siege Tank  
  175  9:25  Viking x2  
  175  9:27  Hellion  
  175  9:28  Hellion x2  
  185  9:33  Cyclone  
  185  9:34  Cyclone  
  185  9:35  Hellion x2  
  195  9:49  Hellion, Siege Tank  
  200  10:12  Command Center  
  200  10:13  Command Center  
Show
View Real Time Build Order
Export as new Build Order

A.I. 1 (Easy) Zerg 

Build Orders: Pool First 

Get SALT Encoding   

  12  0:01  Drone  
  13  0:12  Overlord  
  13  0:16  Drone  
  14  0:30  Drone  
  14  0:34  Drone  
  16  0:42  Spawning Pool  
  15  0:45  Drone  
  15  0:48  Extractor  
  15  0:51  Drone  
  16  0:59  Overlord  
  16  1:29  Queen  
  16  1:30  Zergling x2  
  19  1:32  Roach Warren  
  19  1:35  Drone  
  19  1:38  Extractor  
  18  1:40  Zergling x2  
  18  1:41  Drone  
  20  1:51  Zergling x2  
  21  2:02  Zergling x2  
  22  2:12  Overlord  
  22  2:23  Zergling x2  
  23  2:34  Zergling x2  
  23  2:36  Drone  
  25  2:40  Drone  
  26  2:44  Drone  
  26  2:46  Roach  
  29  2:56  Overlord  
  29  3:07  Roach, Drone  
  29  3:11  Drone  
  33  3:16  Drone  
  34  4:07  Zergling x2  
  34  5:11  Zergling x2  
  29  5:21  Zergling x2  
  30  5:32  Zergling x2  
  31  5:43  Zergling x2  
  32  5:54  Zergling x2  
  33  6:04  Zergling x2  
  31  6:15  Zergling x2  
  31  6:26  Zergling x2, Drone  
  31  6:27  Overlord, Lair  
  31  6:31  Drone  
  34  6:34  Hatchery  
  34  6:35  Drone  
  34  6:39  Drone  
  35  6:44  Zergling x2  
  36  7:02  Zergling x2  
  37  7:24  Overseer  
  37  7:28  Overseer  
  37  7:29  Hydralisk Den  
  36  7:30  Infestation Pit, Drone  
  36  7:47  Drone  
  36  7:51  Drone  
  38  7:56  Drone, Extractor  
  38  7:59  Extractor, Hydralisk  
  38  8:00  Drone  
  38  8:04  Drone  
  41  8:09  Drone  
  42  8:13  Drone  
  42  8:17  Infestor, Drone  
  46  8:21  Drone  
  46  8:26  Drone  
  48  8:28  Overlord  
  48  8:29  Overseer  
  48  8:30  Drone  
  49  8:34  Drone  
  49  8:35  Hydralisk  
  52  8:47  Drone  
  52  8:48  Overlord  
  53  8:51  Drone  
  53  8:55  Drone  
  55  8:59  Drone  
  56  9:04  Drone  
  56  9:08  Drone  
  58  9:12  Drone  
  58  9:17  Drone  
  60  9:18  Overlord  
  60  9:21  Drone  
  61  9:25  Drone  
  61  9:30  Drone  
  63  9:34  Drone  
  64  9:38  Drone  
  64  10:15  Zergling x2  
  64  10:21  Overseer, Overlord  
  50  10:32  Drone  
  50  10:33  Zergling x2  
  43  10:36  Drone  
  43  10:40  Drone  
  25  10:45  Drone  
  25  10:47  Overlord, Zergling x2  
  27  10:50  Overseer  
Tags
 
Add a new tag
Caveats
  • Supply blocks, unpowered buildings, or Contaminate may cause inaccurate times.
  • Supply counts are checked every 10 seconds.